 Dungeon Crawl Stone Soup version 0.23.2-1-ga50397a6bc (webtiles) character file.

Game seed: 1821234388994121191

153761 1994 the Unseen (level 17, -4/135 HPs)
             Began as a Vampire Gladiator on Apr 21, 2019.
             Was a Follower of Uskayaw.
             Slain by a shambling mangrove (5 damage)
             ... on level 3 of the Swamp.
             The game lasted 02:56:57 (35153 turns).

1994 the Unseen (Vampire Gladiator)                Turns: 35153, Time: 02:56:57

Health: -4/135     AC: 16    Str: 13    XL:     17   Next: 5%
Magic:  23/27      EV: 28    Int: 13    God:    Uskayaw [*.....]
Gold:   2643       SH:  0    Dex: 20    Spells: 11/18 levels left

rFire    . . .     SeeInvis +   a - +7 dagger (speed)
rCold    + + .     Gourm    .   (no shield)
rNeg     + + +     Faith    +   y - +0 acid dragon scales
rPois    ∞         Spirit   .   c - +0 helmet
rElec    .         Reflect  .   K - +1 cloak
rCorr    +         Harm     .   v - +2 pair of gloves
MR       +....                  C - +2 pair of boots
Stlth    +++++++++.             N - amulet of faith
HPRegen  0.00/turn              f - ring of Phasing {EV+8}
MPRegen  0.20/turn              M - ring "Pafuck" {Wiz Slay+2}

@: confusing touch, grasped by roots, very slightly contaminated, bloodless,
non-regenerating, slowed, constricted, very slow
A: fangs 3, see invisible, unbreathing
a: Bat Form, Stomp, Renounce Religion


You were on level 3 of the Swamp.
You worshipped Uskayaw.
Uskayaw was pleased with you.
You were bloodless.

You visited 5 branches of the dungeon, and saw 27 of its levels.
You also visited: Bailey and Ice Cave.

You collected 3084 gold pieces.
You spent 441 gold pieces at shops.

Inventory:

Hand Weapons
 a - a +7 dagger of speed (weapon)
 k - a +0 hunting sling
 Z - a +2 rapier of piercing
Missiles
 d - 3 throwing nets
 h - 602 stones (quivered)
 w - 131 sling bullets
 F - 5 tomahawks of dispersal
Armour
 c - a +0 helmet (worn)
 v - a +2 pair of gloves (worn)
 y - +0 acid dragon scales (worn)
 C - a +2 pair of boots (worn)
 K - a +1 cloak (worn)
Jewellery
 f - the ring of Phasing (left hand) {EV+8}
   (You found it on level 6 of the Lair of Beasts)

   [ring of evasion]

   It affects your evasion (+8).
 i - an uncursed ring of protection from cold
 o - an uncursed ring of fire
 z - an uncursed ring of protection from magic
 D - an uncursed ring of magical power
 M - the ring "Pafuck" (right hand) {Wiz Slay+2}
   (You found it in a bailey)

   [ring of wizardry]

   It improves your spell success rate.
   It affects your accuracy and damage with ranged weapons and melee attacks
   (+2).
 N - an amulet of faith (around neck)
Wands
 g - a wand of scattershot (6)
 B - a wand of digging (5)
 G - a wand of iceblast (38)
 R - a wand of acid (12)
 S - a wand of flame (66)
 U - a wand of disintegration (12)
 X - a wand of paralysis (7)
Scrolls
 b - a scroll of fog {unknown}
 l - a scroll of magic mapping
 n - a scroll of silence {unknown}
 p - 4 scrolls of remove curse
 r - 11 scrolls of teleportation
 A - a scroll of torment {unknown}
 H - 6 scrolls of fear
 P - 4 scrolls of enchant armour
 W - 2 scrolls of blinking
 Y - a scroll of noise {unknown}
Potions
 j - 3 potions of haste
 m - 8 potions of curing
 q - 6 potions of invisibility
 s - 2 potions of agility
 t - 3 potions of flight
 u - 4 potions of ambrosia
 x - 2 potions of heal wounds
 E - a potion of berserk rage
 J - 4 potions of mutation
 L - 4 potions of brilliance
 O - 3 potions of might
 T - a potion of magic
 V - a potion of cancellation


   Skills:
 * Level 12.7 Fighting
 - Level 14.0 Short Blades
 - Level 1.5 Throwing
 - Level 2.5 Armour
 + Level 14.1 Dodging
 + Level 18.5 Stealth
 - Level 1.0 Spellcasting
 - Level 12.0 Hexes
 * Level 13.8 Invocations


You had 11 spell levels left.
You knew the following spells:

 Your Spells              Type           Power        Failure   Level  Hunger
a - Confusing Touch       Hex            ####..       1%          1    ##.....
b - Confuse               Hex            ####....     1%          3    ####...
c - Tukima's Dance        Hex            ####....     1%          3    ####...

Your spell library contained the following spells:

 Spells                   Type           Power        Failure   Level  Hunger
 Corona                   Hex            ####...      1%          1    ##.....
 Ensorcelled Hibernation  Hex/Ice        ###...       2%          2    ###....
 Dazzling Spray           Conj/Hex       ###...       4%          3    ####...
 Inner Flame              Hex/Fire       ###.....     4%          3    ####...
 Fulminant Prism          Conj/Hex       ###.......   14%         4    #####..
 Animate Skeleton         Necr           N/A          16%         1    ##.....
 Apportation              Tloc           #.....       16%         1    ##.....
 Beastly Appendage        Tmut           #.....       16%         1    ##.....
 Flame Tongue             Conj/Fire      #....        16%         1    ##.....
 Magic Dart               Conj           #...         16%         1    ##.....
 Pain                     Necr           #...         16%         1    ##.....
 Sandblast                Erth           #.....       16%         1    ##.....
 Sting                    Conj/Pois      #...         16%         1    ##.....
 Summon Butterflies       Summ           #.......     16%         1    ##.....
 Summon Small Mammal      Summ           #...         16%         1    ##.....
 Darkness                 Hex            ####......   17%         6    #######
 Poisonous Vapours        Pois/Air       #.....       24%         2    ###....
 Searing Ray              Conj           #.....       24%         2    ###....
 Sticks to Snakes         Tmut           #.......     24%         2    ###....
 Throw Flame              Conj/Fire      #.....       24%         2    ###....
 Metabolic Englaciation   Hex/Ice        ###.......   34%         5    ######.
 Silence                  Hex/Air        ###.......   34%         5    ######.
 Summon Mana Viper        Hex/Summ       ###.....     34%         5    ######.
 Yara's Violent Unravell  Hex/Tmut       ###.......   34%         5    ######.
 Call Canine Familiar     Summ           #.......     43%         3    ####...
 Conjure Flame            Conj/Fire      #.......     43%         3    ####...
 Gell's Gravitas          Tloc           #.........   43%         3    ####...
 Mephitic Cloud           Conj/Pois/Air  #.......     43%         3    ####...
 Regeneration             Chrm/Necr      #.........   43%         3    ####...
 Spider Form              Tmut/Pois      #.........   43%         3    ####...
 Stone Arrow              Conj/Erth      #.....       43%         3    ####...
 Vampiric Draining        Necr           #.........   43%         3    ####...
 Animate Dead             Necr           N/A          82%         4    #####..
 Force Lance              Conj/Tloc      #.......     82%         4    #####..
 Ice Form                 Ice/Tmut       #.......     82%         4    #####..
 Iskenderun's Mystic Bla  Conj           #.......     82%         4    #####..
 Olgreb's Toxic Radiance  Pois           #.......     82%         4    #####..
 Petrify                  Tmut/Erth      #.......     82%         4    #####..
 Sticky Flame             Conj/Fire      #.......     82%         4    #####..
 Summon Ice Beast         Ice/Summ       #.......     82%         4    #####..
 Blade Hands              Tmut           #.........   98%         5    ######.
 Borgnjor's Vile Clutch   Necr/Erth      #.........   98%         5    ######.
 Fireball                 Conj/Fire      #.........   98%         5    ######.
 Venom Bolt               Conj/Pois      #.........   98%         5    ######.
 Bolt of Cold             Conj/Ice       #.........   100%        6    #######
 Freezing Cloud           Conj/Ice/Air   #.........   100%        6    #######
 Ozocubu's Refrigeration  Ice            #.........   100%        6    #######
 Shadow Creatures         Summ           N/A          100%        6    #######
 Simulacrum               Ice/Necr       #.........   100%        6    #######
 Statue Form              Tmut/Erth      #........    100%        6    #######
 Summon Hydra             Summ           #.........   100%        7    #######
 Shatter                  Erth           #.........   100%        9    #######


Dungeon Overview and Level Annotations

Branches:
Dungeon (15/15)            Temple (1/1) D:7            Lair (6/6) D:11
  Swamp (2/4) Lair:2        Snake (0/4) Lair:4        Slime (0/5) Lair:5
    Orc (2/2) D:12            Elf (0/3) Orc:2        Vaults (0/5) D:14
 Depths (0/5) D:15

Altars:
Ashenzari
Cheibriados
Dithmenos
Elyvilon
Fedhas
Gozag
Hepliaklqana
Kikubaaqudgha
Makhleb
Nemelex Xobeh
Okawaru
Qazlal
Ru
Sif Muna
Trog
Uskayaw
Vehumet
Wu Jian
Xom
Yredelemnul
Zin
The Shining One

Shops:
D:4 :(}   Orc:2 [*(=

Annotations:
D:11 3 runed translucent doors, Lysie's ghost, journeyman MiFi


Innate Abilities, Weirdness & Mutations

You do not heal naturally.
You are immune to poison.
You have razor-sharp teeth.
You have supernaturally acute eyesight. (SInv)
You can survive without breathing.


Message History

Unknown command.
Casting: Confuse (safe; 1% risk of failure)
Confirm with . or Enter, or press ? or * to list all spells.
Your hands begin to glow brighter.
You feel devoid of blood!
The spriggan rider hits you from afar with a +0 spear!
* * * LOW HITPOINT WARNING * * *
The spriggan rider hits you from afar with a +0 spear!
* * * LOW HITPOINT WARNING * * *
The bog body points at you and mumbles some strange words.
The bolt of cold misses you.
The spriggan rider hits you from afar with a +0 spear.
* * * LOW HITPOINT WARNING * * *
Unknown command.
Blink to where?
Press: ? - help, Dir - move target cursor, p - spriggan rider
As you read the scroll of blinking, it crumbles to dust.
Roots burst forth from the earth!
The grasping roots grab you!
You die...

♣♣ . ♣♣♣.♣♣ .≈ ♣♣♣
≈.≈..♣ .. ..♣
≈...≈♣ ♣♣ #.
..♣§...♣♣♣≈♣♣
#..#...≈.♣♣....♣
#.#.......≈≈≈.§.≈♣
.......@.≈.i≈°.≈♣♣
....#..#.≈n..wi≈♣♣
. ......$..≈≈....♣
..≈.......≈f..≈..♣
≈≈....##.≈..≈≈..♣♣
§≈♣♣.#.#..≈≈.≈♣♣♣
. ♣.#.......≈♣♣
♣......)≈...♣
♣......i♣.(≈♣


You could see a shambling mangrove, a tyrant leech, 2 spriggan riders and a bog
body.

Vanquished Creatures
  Kirke (D:13)
  Donald (Swamp:2)
  A sphinx (D:12)
  Roxanne (D:14)
  An orc warlord (Orc:2)
  2 frost giants
  A stone giant (D:12)
  2 very ugly things (Swamp:2)
  Azrael (D:13)
  5 dire elephants (Lair:6)
  Snorg (Lair:3)
  8 vault guards (D:14)
  10 hydras
  Erolcha (D:11)
  2 catoblepae
  Erica (D:8)
  5 two-headed ogres
  4 centaur warriors
  An anaconda (Lair:6)
  An ogre mage (D:15)
  12 death yaks
  A tengu warrior (D:14)
  2 alligators
  5 orc high priests (Orc:2)
  Nergalle (D:11)
  Sonja (Lair:3)
  3 unseen horrors
  A wizard (D:15)
  An unseen horror (shapeshifter) (D:14)
  A swamp dragon (Swamp:1)
  A spriggan druid (Swamp:3)
  6 orc knights
  A deep elf archer (D:12)
  4 orc sorcerers
  16 ugly things
  3 cyclopes
  3 manticores
  29 elephants
  2 deep elf magi (D:15)
  4 black mambas
  Maurice (D:12)
  A naga mage (D:15)
  Psyche (D:12)
  2 ice statues
  2 gargoyles (D:14)
  22 spiny frogs
  A torpor snail (Lair:6)
  2 centaur skeletons
  A rime drake (IceCv)
  2 freezing wraiths
  An efreet (D:12)
  A kobold demonologist (D:15)
  10 komodo dragons
  2 ice devils (Orc:2)
  4 yaktaurs (D:15)
  6 trolls
  8 tyrant leeches
  13 polar bears
  7 hornets
  A harpy skeleton (D:15)
  4 bog bodies
  13 slime creatures
  18 blink frogs
  Prince Ribbit (D:7)
  13 hippogriffs
  3 spriggans (Swamp:2)
  A shadow (D:14)
  71 yaks
  4 humans
  Sigmund (D:2)
  7 hogs
  A wraith (D:13)
  2 hungry ghosts
  A wyvern (D:13)
  A water elemental (D:15)
  2 basilisks
  A steam dragon (D:11)
  32 vampire mosquitoes
  4 nagas (Lair:4)
  2 fire elementals (D:13)
  A warg (Orc:2)
  10 swamp worms
  17 insubstantial wisps
  An acid dragon (D:14)
  12 water moccasins
  A soldier ant (D:13)
  3 hell hounds (D:13)
  4 porcupines
  A swamp drake (Swamp:2)
  8 ice beasts
  41 orc warriors
  2 sky beasts
  A necrophage (D:11)
  A black bear (D:10)
  An eye of draining (D:11)
  3 phantoms
  15 ogres
  15 centaurs
  14 wolves
  9 crocodiles
  A big kobold (D:11)
  20 bullfrogs
  A gnoll sergeant (D:7)
  A water moccasin zombie (D:4)
  6 scorpions
  2 wyvern skeletons
  25 killer bees
  4 wights (D:13)
  2 oklob saplings (D:8)
  An electric eel (Lair:2)
  7 crimson imps
  A howler monkey (D:6)
  5 centaur zombies
  2 quasits
  19 orc priests
  Crazy Yiuf (D:3)
  5 hounds
  5 jellies
  35 orc wizards
  2 bullfrog skeletons
  A gnoll shaman (D:8)
  An iguana (D:7)
  Terence (D:3)
  11 worker ants
  A howler monkey zombie (D:7)
  2 worker ant zombies (D:4)
  14 gnolls
  16 adders
  A shadow imp (D:15)
  2 white imps (Lair:2)
  2 worms
  3 leopard geckos
  88 orcs
  7 bats
  2 giant cockroaches
  13 goblins
  7 hobgoblins
  6 jackals
  34 kobolds
  3 quokkas
  8 ball pythons
  A ball python skeleton (D:5)
  A frilled lizard (D:1)
  A leopard gecko skeleton (D:4)
  2 leopard gecko zombies (D:4)
  5 rats
  2 fungi (Lair:3)
  5 plants
962 creatures vanquished.

Vanquished Creatures (others)
  6 polar bears (IceCv)
  2 yaks (IceCv)
  A swamp worm (Swamp:1)
  2 dancing weapons (D:9)
  A sky beast (D:13)
  5 fungi
  5 plants
22 creatures vanquished.

Grand Total: 984 creatures vanquished

Notes
Turn   | Place    | Note
-------+----------+-------------------------------------------
     0 | D:1      | 1994 the Vampire Gladiator began the quest for the Orb.
     0 | D:1      | Reached XP level 1. HP: 16/16 MP: 1/1
   359 | D:1      | Reached skill level 1 in Stealth
   359 | D:1      | Reached XP level 2. HP: 16/22 MP: 2/2
   954 | D:1      | Reached XP level 3. HP: 27/27 MP: 3/3
  1952 | D:2      | Reached skill level 2 in Stealth
  1952 | D:2      | Reached XP level 4. HP: 34/34 MP: 4/4
  2115 | D:2      | Noticed Sigmund
  2128 | D:2      | Killed Sigmund
  2128 | D:2      | Reached skill level 5 in Short Blades
  2128 | D:2      | Reached skill level 3 in Stealth
  2128 | D:2      | Reached XP level 5. HP: 37/40 MP: 5/5
  2355 | D:3      | Noticed Terence
  2357 | D:3      | Killed Terence
  2357 | D:3      | Reached skill level 4 in Stealth
  2357 | D:3      | Reached XP level 6. HP: 45/47 MP: 6/6
  2456 | D:3      | Found a runed translucent door.
  2457 | D:3      | Noticed Crazy Yiuf
  2464 | D:3      | Killed Crazy Yiuf
  2592 | D:3      | Found a radiant altar of Vehumet.
  3281 | D:4      | Found Akic's Book Emporium.
  3644 | D:4      | Reached XP level 7. HP: 37/52 MP: 7/7
  3813 | D:4      | Reached skill level 5 in Stealth
  4083 | D:4      | Found Qotyg's Gadget Shoppe.
  4086 | D:4      | Found a bloodstained altar of Trog.
  4155 | D:4      | Found Caofriti's Antique Weapon Shop.
  4252 | D:4      | Reached skill level 5 in Dodging
  4696 | D:5      | Entered Level 5 of the Dungeon
  4769 | D:5      | Found a sparkling altar of Nemelex Xobeh.
  4770 | D:5      | Found an opulent altar of Gozag.
  4914 | D:5      | Reached skill level 6 in Stealth
  5169 | D:5      | Found a shattered altar of Ashenzari.
  5170 | D:5      | Found a white marble altar of Elyvilon.
  5171 | D:5      | Found an iron altar of Okawaru.
  5172 | D:5      | Found an ancient bone altar of Kikubaaqudgha.
  5279 | D:5      | Found a sacrificial altar of Ru.
  5281 | D:5      | Found a hazy altar of Hepliaklqana.
  5577 | D:6      | Reached XP level 8. HP: 60/60 MP: 8/8
  5599 | D:6      | Found a basalt altar of Yredelemnul.
  5979 | D:6      | Reached skill level 7 in Stealth
  6015 | D:6      | Found a burning altar of Makhleb.
  6570 | D:4      | Bought a book of Misfortune for 280 gold pieces
  6572 | D:4      | Learned a level 1 spell: Confusing Touch
  6576 | D:4      | Learned a level 3 spell: Confuse
  6697 | D:6      | Reached skill level 1 in Hexes
  6750 | D:6      | Reached skill level 1 in Spellcasting
  6776 | D:6      | Reached skill level 5 in Fighting
  6776 | D:6      | Reached XP level 9. HP: 56/68 MP: 10/10
  7216 | D:7      | Noticed Prince Ribbit
  7221 | D:7      | Killed Prince Ribbit
  7221 | D:7      | Reached skill level 8 in Stealth
  7549 | D:7      | Found a staircase to the Ecumenical Temple.
  7560 | Temple   | Entered the Ecumenical Temple
  7612 | Temple   | Became a worshipper of Uskayaw the Reveler
  7722 | D:7      | Reached * piety under Uskayaw
  7735 | D:7      | Reached ** piety under Uskayaw
  7916 | D:7      | Reached skill level 1 in Invocations
  8465 | D:8      | Found a flagged portal.
  8490 | Bailey   | Entered a bailey
  8884 | Bailey   | Reached skill level 9 in Stealth
  8890 | Bailey   | Reached *** piety under Uskayaw
  8893 | Bailey   | Reached **** piety under Uskayaw
  9074 | Bailey   | Got a slimy lapis lazuli ring
  9076 | Bailey   | Identified the ring "Pafuck" {Wiz Slay+2} (You found it in
                  | a bailey)
  9169 | D:8      | Noticed Erica
  9192 | D:8      | Killed Erica
  9192 | D:8      | Reached skill level 10 in Short Blades
  9192 | D:8      | Reached skill level 5 in Hexes
  9192 | D:8      | Reached XP level 10. HP: 11/76 MP: 11/11
  9969 | D:8      | Found a blossoming altar of Fedhas.
 10001 | D:8      | Reached skill level 10 in Stealth
 10187 | D:8      | Learned a level 3 spell: Tukima's Dance
 10536 | D:9      | Noticed a two-headed ogre
 10649 | D:9      | Killed a two-headed ogre
 11269 | D:9      | Reached skill level 11 in Stealth
 11495 | D:9      | Reached XP level 11. HP: 77/83 MP: 8/14
 11502 | D:9      | Reached ***** piety under Uskayaw
 11838 | D:10     | Entered Level 10 of the Dungeon
 12523 | D:11     | Noticed a two-headed ogre
 12540 | D:11     | Killed a two-headed ogre
 12540 | D:11     | Reached skill level 5 in Invocations
 12707 | D:11     | Found a staircase to the Lair.
 12760 | D:11     | Found a runed translucent gate.
 12760 | D:11     | Found a runed translucent gate.
 12761 | D:11     | Found a runed translucent gate.
 12763 | D:11     | Noticed Lysie's ghost (journeyman MiFi)
 12826 | D:11     | Noticed Nergalle
 12869 | D:11     | Killed Nergalle
 12869 | D:11     | Reached skill level 12 in Stealth
 12935 | D:11     | Noticed Erolcha
 12948 | D:11     | Killed Erolcha
 13108 | D:11     | Reached skill level 1 in Armour
 13254 | Lair:1   | Entered Level 1 of the Lair of Beasts
 13514 | Lair:1   | Reached XP level 12. HP: 92/92 MP: 11/16
 13710 | Lair:1   | Reached skill level 10 in Hexes
 13808 | Lair:1   | Reached skill level 10 in Dodging
 14429 | Lair:2   | Reached skill level 13 in Stealth
 14521 | Lair:2   | Found a staircase to the Swamp.
 16634 | Lair:3   | Noticed a catoblepas
 16641 | Lair:3   | Killed a catoblepas
 16756 | Lair:3   | Reached XP level 13. HP: 96/100 MP: 10/19
 16980 | Lair:3   | Noticed Snorg
 17036 | Lair:3   | Killed Snorg
 17036 | Lair:3   | Reached skill level 14 in Stealth
 17207 | Lair:3   | Noticed Sonja
 17216 | Lair:3   | Killed Sonja
 19004 | Lair:4   | Found a staircase to the Snake Pit.
 19799 | Lair:5   | Reached skill level 15 in Stealth
 19802 | Lair:5   | Reached skill level 10 in Fighting
 20016 | Lair:5   | Reached skill level 10 in Invocations
 20168 | Lair:5   | Reached XP level 14. HP: 103/110 MP: 21/21
 20298 | Lair:5   | Found a staircase to the Slime Pits.
 20428 | Lair:5   | Found a shadowy altar of Dithmenos.
 20507 | Lair:6   | Entered Level 6 of the Lair of Beasts
 21067 | Lair:6   | Reached ****** piety under Uskayaw
 21347 | Lair:6   | Found the ring of Phasing {EV+8}
 22339 | Lair:6   | Reached skill level 16 in Stealth
 22354 | Lair:6   | Got a translucent longbow
 22355 | Lair:6   | Identified the +11 longbow of Embarrassment {venom, rF++
                  | Str+4} (You found it on level 6 of the Lair of Beasts)
 23177 | D:12     | Noticed Maurice
 23182 | D:12     | Killed Maurice
 23203 | D:12     | Noticed a frost giant
 23203 | D:12     | Noticed a stone giant
 23228 | D:12     | Killed a stone giant
 23243 | D:12     | Noticed a sphinx
 23246 | D:12     | Killed a frost giant
 23246 | D:12     | Reached XP level 15. HP: 117/117 MP: 23/23
 23262 | D:12     | Killed a sphinx
 23263 | D:12     | Noticed Psyche
 23269 | D:12     | Killed Psyche
 23397 | D:12     | Found a staircase to the Orcish Mines.
 23650 | Orc:1    | Entered Level 1 of the Orcish Mines
 23928 | Orc:2    | Entered Level 2 of the Orcish Mines
 23939 | Orc:2    | Found a staircase to the Elven Halls.
 24323 | Orc:2    | Noticed an orc warlord
 24351 | Orc:2    | Killed an orc warlord
 24502 | Orc:2    | Found a frozen archway.
 24541 | IceCv    | Entered an ice cave
 25246 | IceCv    | Noticed a frost giant
 25280 | IceCv    | Killed a frost giant
 26936 | Orc:2    | Reached skill level 17 in Stealth
 27054 | Orc:2    | Found Rudivobe's General Store.
 27055 | Orc:2    | Found Vyit's Jewellery Emporium.
 27056 | Orc:2    | Found Zownyp's Antique Armour Shoppe.
 27056 | Orc:2    | Found Hacir's Antique Weapon Shoppe.
 27165 | Orc:2    | Bought a shimmering leather armour for 161 gold pieces
 27176 | Orc:2    | Identified the +1 leather armour "Iboeso Caps" {Str+5} (You
                  | bought it in a shop on level 2 of the Orcish Mines)
 27397 | D:13     | Noticed Azrael
 27405 | D:13     | Killed Azrael
 27524 | D:13     | Noticed Kirke
 27543 | D:13     | Killed Kirke
 28165 | D:14     | Identified Roxanne's Almanac of the Mountains
 28165 | D:14     | Noticed Roxanne
 28514 | D:14     | Reached XP level 16. HP: 126/126 MP: 25/25
 28574 | D:14     | Found a gate to the Vaults.
 29992 | D:14     | Killed Roxanne
 30029 | D:15     | Entered Level 15 of the Dungeon
 30382 | D:15     | Reached skill level 18 in Stealth
 30860 | D:15     | Found a staircase to the Depths.
 31085 | Swamp:1  | Entered Level 1 of the Swamp
 33417 | Swamp:2  | Noticed Donald
 33433 | Swamp:2  | Killed Donald
 34673 | Swamp:2  | Reached XP level 17. HP: 135/135 MP: 25/27
 35131 | Swamp:2  | You fall through a shaft!
 35152 | Swamp:3  | HP: 5/135 [spriggan rider/+0 spear (10)]
 35152 | Swamp:3  | HP: 1/135 [spriggan rider/+0 spear (4)]
 35153 | Swamp:3  | Slain by a shambling mangrove

Skill      XL: |  1  2  3  4  5  6  7  8  9 10 11 12 13 14 15 16 |
---------------+-------------------------------------------------+-----
Fighting       | 2 3 4 5 6 7 8 10 11 12 | 12.7
Stealth        | 1 2 3 4 6 7 9 11 12 13 15 16 17 18 | 18.5
Short Blades   | 4 5 6 7 8 10 12 13 14 | 14.0
Dodging        | 4 5 6 7 8 9 10 11 12 13 14 | 14.1
Hexes          | 2 5 7 9 11 12 | 12.0
Spellcasting   | 1 |  1.0
Invocations    | 2 4 5 8 10 11 12 13 | 13.8
Armour         | 2 |  2.5
Throwing       | |  1.5

Action                   |  1- 3 |  4- 6 |  7- 9 | 10-12 | 13-15 | 16-18 || total
-------------------------+-------+-------+-------+-------+-------+-------++-------
Melee: Rapier            |    68 |   176 |    91 |    18 |    30 |       ||   383
       Bite              |     7 |    15 |    64 |   125 |   317 |   116 ||   644
       Dagger            |       |       |   391 |   834 |  1826 |   757 ||  3808
       Unarmed           |       |       |       |       |     1 |     1 ||     2
Throw: Stone             |     2 |     3 |     3 |    11 |     2 |     2 ||    23
 Cast: Confusing Touch   |       |       |    13 |    65 |   157 |    77 ||   312
       Confuse           |       |       |     1 |    28 |    19 |     1 ||    49
       Tukima's Dance    |       |       |       |     5 |       |       ||     5
Invok: Stomp             |       |       |     3 |    16 |    28 |     4 ||    51
       Line Pass         |       |       |     1 |     5 |     1 |       ||     7
       Grand Finale      |       |       |       |     1 |     2 |     1 ||     4
 Abil: End Transformatio |     2 |       |     6 |     8 |    13 |    11 ||    40
       Bat Form          |     2 |       |     6 |     8 |    13 |    11 ||    40
  Use: Potion            |       |     4 |     9 |     9 |    11 |     9 ||    42
       Scroll            |       |       |    10 |     7 |    14 |     8 ||    39
 Stab: Sleeping          |     4 |     9 |    19 |    41 |    44 |    13 ||   130
       Distracted        |       |       |     2 |     3 |     2 |     2 ||     9
       Confused          |       |       |     7 |    32 |   117 |    69 ||   225
       Paralysed         |       |       |     3 |    36 |   114 |    46 ||   199
Armor: Leather armour    |     5 |       |       |       |       |       ||     5
       Ring mail         |     7 |    38 |   118 |   211 |   199 |       ||   573
       Scale mail        |       |       |       |       |    42 |    60 ||   102
       Acid dragon scale |       |       |       |       |       |    35 ||    35
Dodge: Dodged            |    63 |    92 |   272 |   426 |  1062 |   415 ||  2330
